 Dungeon Crawl Stone Soup version 0.29.1-12-g30fa7ad0bf (webtiles) character file.

Game seed: 2646743812618315000

48 Gabide the Trooper (level 3, -1/29 HPs)
             Began as a Mummy Berserker on Dec 26, 2022.
             Was a Believer of Trog.
             Slain by Robin
             ... wielding a +0 club
              (2 damage)
             ... on level 2 of the Dungeon.
             The game lasted 00:03:28 (1655 turns).

Gabide the Trooper (Mummy Berserker)                Turns: 1655, Time: 00:03:29

Health: -1/29      AC:  3    Str: 22    XL:     3   Next: 50%
Magic:  3/3        EV: 12    Int:  6    God:    Trog [**....]
Gold:   80         SH:  0    Dex: 11    Spells: 2/2 levels left

rFire   x . .      SeeInvis .     - Unarmed
rCold   + . .      Faith    .   (no shield)
rNeg    + + +      Spirit   .   a - +0 animal skin
rPois   ∞          Reflect  .   (no helmet)
rElec   .          Harm     .   (no cloak)
rCorr   .          Rampage  .   (no gloves)
Will    .....                   d - +0 pair of boots
Stlth   +.........              (no amulet)
HPRegen 0.09/turn               (no ring)
MPRegen 0.08/turn               (no ring)

@: no status effects
A: cold resistance 1, negative energy resistance 3, torment resistance 2, heat
vulnerability 1, in touch with death 1, no potions
a: Renounce Religion, Trog's Hand


You were on level 2 of the Dungeon.
You worshipped Trog.
Trog was pleased with you.
You visited 1 branch of the dungeon, and saw 2 of its levels.

You collected 80 gold pieces.

Inventory:

Armour
 a - a +0 animal skin (worn)
 d - a +0 pair of boots (worn)
Jewellery
 g - a +6 ring of strength
Scrolls
 b - 3 scrolls of teleportation {unknown}
 c - a scroll of identify {unknown}
 e - a scroll of noise {unknown}
 f - a scroll of blinking {unknown}


   Skills:
 + Level 3.4 Fighting
 - Level 1.5 Armour
 + Level 2.1 Dodging
 * Level 3.2 Unarmed Combat


You had 2 spell levels left.
You didn't know any spells.
Your spell library was empty.

Dungeon Overview and Level Annotations

Branches:
Dungeon (2/15)

Altars:

Annotations:
D:2 Robin


Innate Abilities, Weirdness & Mutations

You are immune to poison.
Your flesh is cold resistant. (rC+)
You are immune to negative energy. (rN+++)
You are immune to unholy pain and torment.
You are vulnerable to heat. (rF-)
You are in touch with the powers of death.
You do not drink.


Message History

Trog accepts your kill.
You barely miss Robin. Robin hits you with a +0 club.
You hit Robin.
Robin is lightly wounded.
Robin barely misses you.
You hit Robin.
Robin is moderately wounded.
Robin hits you with a +0 club.
You hit Robin but do no damage.
Robin is moderately wounded.
Robin closely misses you.
You hit Robin.
Robin is heavily wounded.
Robin hits you with a +0 club.
You closely miss Robin.
Robin is heavily wounded.
Robin hits you but does no damage.
You closely miss Robin.
Robin is heavily wounded.
Robin hits you with a +0 club.
* * * LOW HITPOINT WARNING * * *
You barely miss Robin.
Robin is heavily wounded.
Robin closely misses you.
You hit Robin but do no damage.
Robin is heavily wounded.
Robin closely misses you.
You hit Robin.
Robin is almost dead.
Robin hits you with a +0 club.
* * * LOW HITPOINT WARNING * * *
You hit Robin but do no damage.
Robin is almost dead.
Robin hits you with a +0 club.
* * * LOW HITPOINT WARNING * * *
You barely miss Robin.
Robin is almost dead.
Robin says, "A pitiful Mummy like you will never find the ORB!"
Robin hits you with a +0 club.
You die...

#.$....# .. #..# #'#
# #..# #.# #.#..# #.#
#...)###########.##
###..........##...##
###.###.##.#.....#
#g# #.##.##...####
#@# #.............
#.# ####.#.#.#....
#.######.#.#.####.
#........#.#.#
##########.#†####.
####### #...........
#.†.".# #.####..####
#.###.# #.# #..#
#.###)####.####..####


You could see Robin.

Vanquished Creatures
  A worm (D:2)
  A dart slug (D:1)
  2 ball pythons (D:2)
  4 endoplasms (D:1)
  5 giant cockroaches
  7 goblins
  6 hobgoblins
  2 kobolds
  A quokka (D:1)
  2 bats
  3 frilled lizards (D:1)
  3 rats
37 creatures vanquished.

Notes
Turn   | Place    | Note
-------+----------+-------------------------------------------
     0 | D:1      | Gabide the Mummy Berserker began the quest for the Orb.
     0 | D:1      | Reached XP level 1. HP: 18/18 MP: 1/1
   352 | D:1      | Reached XP level 2. HP: 24/24 MP: 2/2
  1180 | D:2      | Noticed Robin
  1210 | D:2      | Gained mutation: You are in touch with the powers of death.
                  | [Mummy growth]
  1210 | D:2      | Reached XP level 3. HP: 13/29 MP: 3/3
  1573 | D:2      | Reached ** piety under Trog
  1654 | D:2      | HP: 1/29 [Robin/+0 club (2)]
  1655 | D:2      | Slain by Robin

Illustrated notes

Levels and vault maps discovered:
D:1:      reono_arrival_forest_river, layout_basic
D:2:      layout_loops_corners, minmay_misc_feat_enclosed, amethyst_killhole,
          minmay_cupped, uniq_robin

Skill      XL: |  1  2 |
---------------+-------+-----
Unarmed Combat | 3 |  3.2
Dodging        | 2 |  2.1
Fighting       | |  3.4
Armour         | |  1.5

Action                   || total
-------------------------++-------
Melee: Unarmed           ||   137
       Punch             ||     1
Armor: Animal skin       ||    23
Dodge: Dodged            ||    64
